 Dungeon Crawl Stone Soup version 0.28-a0-863-g8cecda6153 (webtiles) character file.

Game seed: 6949570302088476079

5144 siradein the Fighter (level 10, -1/80 HPs)
             Began as a Demonspawn Berserker on Nov 20, 2021.
             Was an Elder of Trog.
             Slain by a brown ugly thing (5 damage)
             ... on level 8 of the Dungeon.
             The game lasted 00:12:36 (7342 turns).

siradein the Fighter (Demonspawn Berserker)         Turns: 7342, Time: 00:12:36

Health: -1/80      AC: 13    Str: 20    XL:     10   Next: 33%
Magic:  10/10      EV: 10    Int:  8    God:    Trog [****..]
Gold:   254        SH:  0    Dex: 22    Spells: 9/9 levels left

rFire   + + .      SeeInvis +   g - +7 broad axe of the Yoke {vamp, *Corrode rN+ SInv}
rCold   . . .      Faith    +   (no shield)
rNeg    + . .      Spirit   .   L - +0 plate armour
rPois   .          Reflect  .   (no helmet)
rElec   .          Harm     .   C - +1 cloak of Benevolence {rF++}
rCorr   .          Rampage  .   (no gloves)
Will    .....                   (no boots)
Stlth   ..........              b - amulet of faith
HPRegen 0.23/turn               h - +6 ring of dexterity
MPRegen 0.24/turn               (no ring)

@: confused, ambrosia-drunk, corroded, sanguine armoured, on berserk cooldown,
slowed, very slow
A: spiny 1, magic regeneration, sanguine armour 1, demonic touch 1, agile 1,
subdued magic 1
a: Renounce Religion, Berserk, Trog's Hand, Brothers in Arms


You were on level 8 of the Dungeon.
You worshipped Trog.
Trog was greatly pleased with you.
You visited 1 branch of the dungeon, and saw 9 of its levels.

You collected 415 gold pieces.
You spent 161 gold pieces at shops.

Inventory:

Hand Weapons
 g - the +7 broad axe of the Yoke (weapon) {vamp, *Corrode rN+ SInv}
   (You found it on level 7 of the Dungeon)

   It occasionally heals its wielder for a portion of the damage dealt when it
   wounds a living foe.
   rN:        It protects you from negative energy.
   SInv:      It lets you see invisible.
   *Corrode:  It may corrode you when you take damage.
 l - a +1 antimagic short sword
 u - a +5 whip of freezing
 D - a +0 vorpal glaive
Missiles
 c - 216 stones (quivered)
 B - 2 boomerangs
Armour
 a - a +0 tower shield
 r - a +0 kite shield
 C - the +1 cloak of Benevolence (worn) {rF++}
   (You bought it in a shop on level 5 of the Dungeon)

   rF:        It greatly protects you from fire.
 L - a +0 plate armour (worn)
Jewellery
 b - an amulet of faith (around neck)
 f - an amulet of regeneration
 h - a +6 ring of dexterity (left hand)
 m - a ring of protection from cold
 y - an amulet of reflection
Wands
 k - a wand of flame (9)
 t - a wand of charming (27)
 G - a wand of iceblast (11)
 H - a wand of mindburst (12)
 I - a wand of digging (6)
Scrolls
 d - 3 scrolls of enchant armour
 j - a scroll of silence {unknown}
 o - 2 scrolls of magic mapping
 s - a scroll of enchant weapon {unknown}
 v - 4 scrolls of teleportation {unknown}
 w - 2 scrolls of immolation {unknown}
 x - 2 scrolls of holy word {unknown}
 A - 3 scrolls of fear
 F - a scroll of amnesia {unknown}
 J - 2 scrolls of noise {unknown}
Potions
 e - a potion of haste
 i - 3 potions of curing
 n - a potion of berserk rage
 p - a potion of ambrosia
 q - a potion of cancellation {unknown}
 z - a potion of heal wounds {unknown}
 E - a potion of flight {unknown}
 K - a potion of lignification {unknown}


   Skills:
 + Level 8.1 Fighting
 + Level 7.3 Axes
 + Level 7.0 Armour
 + Level 7.0 Dodging
 + Level 3.3 Shields


You had 9 spell levels left.
You didn't know any spells.
Your spell library was empty.

Dungeon Overview and Level Annotations

Branches:
Dungeon (9/15)             Temple (0/1) D:6
   Lair: D:8-11         Orc: D:9-12

Altars:
Dithmenos
Kikubaaqudgha
Nemelex Xobeh
Okawaru
Xom
Zin
The Shining One

Shops:
D:1 =   D:5 [


Innate Abilities, Weirdness & Mutations

You are partially covered in sharp spines.
You regenerate magic rapidly.
When seriously injured, your bleeding wounds create armour. (AC +6)
Your touch may inflict minor irresistible damage on your foes.
You are agile. (Dex +2)
Your spells are a little easier to cast, but a little less powerful.


Message History

The brown ugly thing is struck by your spines.
The brown ugly thing engulfs you. The acid corrodes you!
You are splashed with acid!
Your blood congeals into armour.
There is an open door here.
The boulder beetle curls into a ball and begins rolling!
The brown ugly thing is struck by your spines.
The brown ugly thing barely misses you.
Your blood armour dries and flakes away.
The brown ugly thing engulfs you!
Your blood congeals into armour.
You are splashed with acid.
There is a stone staircase leading up, spattered with blood here.
The boulder beetle barely misses you.
The boulder beetle stops rolling and uncurls.
The brown ugly thing is struck by your spines.
The brown ugly thing engulfs you but does no damage.
The boulder beetle bites you! The brown ugly thing engulfs you!
* * * LOW HITPOINT WARNING * * *
The acid corrodes you!
You are splashed with acid!
* * * LOW HITPOINT WARNING * * *
You climb upwards.
There is a stone staircase leading down here.
You feel the effects of Trog's Hand fading.
The brown ugly thing is struck by your spines.
The brown ugly thing engulfs you but does no damage.
The boulder beetle bites you but does no damage.
The brown ugly thing engulfs you.
* * * LOW HITPOINT WARNING * * *
You are splashed with acid.
* * * LOW HITPOINT WARNING * * *
Your skin stops crawling.
You feel less strong-willed.
The brown ugly thing closely misses you.
You are confused.
You feel invigorated.
The brown ugly thing is struck by your spines.
The brown ugly thing engulfs you.
* * * LOW HITPOINT WARNING * * *
You are splashed with acid!
* * * LOW HITPOINT WARNING * * *
The brown ugly thing engulfs you.
You die...

#.#### #.#########...).# #.#
##.##.......†..### #.#
##...#.#####.#.## #.#
#...>..# #.#.# #.#
#####...#.### #.#.#
#.#######...........###.#.#
#...........##B##.#.......#
#########...##u##.......###
######@########## #.#######
#.......# ###.#####.#
#..(....#.# #.#.###.#.#####
########### ##.#.#.........#
#.........###......#.#.###<#
#..##..)...........>...# #.#


You could see a boulder beetle and a brown ugly thing.

Vanquished Creatures
  A yaktaur (shapeshifter) (D:9)
  Prince Ribbit (D:6)
  A vampire (D:9)
  4 yaks (D:8)
  A wyvern (D:7)
  Eustachio (D:6)
  2 steam dragons
  4 vampire mosquitoes (D:8)
  Menkaure (D:6)
  An acid dragon (D:6)
  A water moccasin (D:6)
  A black bear (D:4)
  2 ogres
  An orc warrior (D:6)
  An ice beast (D:5)
  A sky beast (D:8)
  2 necrophages
  A centaur (D:8)
  A bullfrog (D:8)
  5 scorpions
  A water moccasin zombie (D:5)
  10 killer bees (D:7)
  3 howler monkeys (D:9)
  3 bullfrog zombies (D:6)
  A centaur zombie (D:9)
  2 jellies
  7 orc priests
  A hound (D:7)
  An iguana (D:5)
  6 orc wizards
  2 hound zombies (D:5)
  4 gnolls
  6 adders
  2 white imps
  An ufetubus (D:5)
  4 dart slugs
  3 worms
  24 orcs
  4 ball pythons
  8 endoplasms
  A giant cockroach (D:2)
  6 goblins
  4 hobgoblins
  13 jackals
  8 quokkas
  4 bats
  2 frilled lizards (D:2)
  7 kobolds
  7 rats
  A toadstool (D:4)
179 creatures vanquished.

Vanquished Creatures (others)
  3 toadstools (D:4)
3 creatures vanquished.

Grand Total: 182 creatures vanquished

Notes
Turn   | Place    | Note
-------+----------+-------------------------------------------
     0 | D:1      | siradein the Demonspawn Berserker began the quest for the
                  | Orb.
     0 | D:1      | Reached XP level 1. HP: 18/18 MP: 1/1
   449 | D:1      | Gained mutation: You regenerate magic rapidly. [demonic
                  | ancestry]
   449 | D:1      | Reached XP level 2. HP: 7/24 MP: 2/2
   842 | D:1      | Found Caqul's Jewellery Shop.
   905 | D:1      | Reached XP level 3. HP: 29/29 MP: 3/3
  1434 | D:2      | Reached ** piety under Trog
  1476 | D:2      | Gained mutation: Your touch may inflict minor irresistible
                  | damage on your foes. [demonic ancestry]
  1476 | D:2      | Reached XP level 4. HP: 22/35 MP: 4/4
  1926 | D:3      | Reached XP level 5. HP: 32/42 MP: 5/5
  2055 | D:3      | Reached skill level 4 in Fighting
  2449 | D:4      | Noticed a black bear
  2463 | D:4      | Killed a black bear
  2464 | D:4      | Gained mutation: You are partially covered in sharp spines.
                  | [demonic ancestry]
  2464 | D:4      | Reached XP level 6. HP: 36/48 MP: 6/6
  2523 | D:4      | Reached *** piety under Trog
  3084 | D:5      | Entered Level 5 of the Dungeon
  3278 | D:5      | Noticed an ice beast
  3292 | D:5      | Killed an ice beast
  3293 | D:5      | Reached XP level 7. HP: 20/55 MP: 7/7
  3477 | D:5      | Reached skill level 5 in Fighting
  3531 | D:5      | Found Gomeoff's Antique Armour Emporium.
  3534 | D:5      | Bought a spiked cloak for 161 gold pieces
  3534 | D:5      | Identified the +1 cloak of Benevolence {rF++} (You bought
                  | it in a shop on level 5 of the Dungeon)
  3693 | D:5      | Reached skill level 5 in Axes
  3769 | D:5      | Reached XP level 8. HP: 51/63 MP: 8/8
  4077 | D:6      | Noticed Eustachio
  4081 | D:6      | Killed Eustachio
  4326 | D:6      | Reached skill level 6 in Fighting
  4326 | D:6      | Reached skill level 5 in Armour
  4326 | D:6      | Reached skill level 5 in Dodging
  4417 | D:6      | Reached **** piety under Trog
  4541 | D:6      | Found a staircase to the Ecumenical Temple.
  4546 | D:6      | Noticed Menkaure
  4550 | D:6      | Gained mutation: When seriously injured, your bleeding
                  | wounds create armour. (AC +6) [demonic ancestry]
  4550 | D:6      | Reached XP level 9. HP: 28/71 MP: 9/9
  4557 | D:6      | Killed Menkaure
  4698 | D:6      | Noticed Prince Ribbit
  4707 | D:6      | Killed Prince Ribbit
  4956 | D:7      | Identified the +7 broad axe of the Yoke {vamp, *Corrode rN+
                  | SInv}
  5029 | D:7      | Reached skill level 7 in Fighting
  5178 | D:7      | Reached skill level 1 in Shields
  5186 | D:7      | Gained mutation: You sometimes lose the ability to read
                  | scrolls when taking damage. [potion of mutation]
  5186 | D:7      | Gained mutation: Your mind is acute. (Int +2) [potion of
                  | mutation]
  5187 | D:7      | Lost mutation: Your mind is acute. (Int +2) [potion of
                  | mutation]
  5187 | D:7      | Lost mutation: You sometimes lose the ability to read
                  | scrolls when taking damage. [potion of mutation]
  5187 | D:7      | Gained mutation: You are agile. (Dex +2) [potion of
                  | mutation]
  5187 | D:7      | Gained mutation: Your spells are a little easier to cast,
                  | but a little less powerful. [potion of mutation]
  5863 | D:8      | Found an iron altar of Okawaru.
  5879 | D:8      | Found a shimmering altar of Xom.
  5882 | D:8      | Found a sparkling altar of Nemelex Xobeh.
  5884 | D:8      | Found a shadowy altar of Dithmenos.
  5890 | D:8      | Found an ancient bone altar of Kikubaaqudgha.
  6202 | D:8      | Reached XP level 10. HP: 42/80 MP: 10/10
  7242 | D:9      | Reached skill level 8 in Fighting
  7308 | D:9      | Noticed a boulder beetle
  7314 | D:9      | Noticed a brown ugly thing
  7315 | D:9      | Noticed a six-headed hydra
  7342 | D:8      | HP: 4/80 [acid (12)]
  7342 | D:8      | Slain by a brown ugly thing

Illustrated notes

Levels and vault maps discovered:
D:1:      dpeg_arrival_rooms_b, layout_rooms, serial_shops, shop,
          minmay_close_crescents
D:2:      minmay_diamond_boxcup, layout_rooms
D:3:      layout_loops_ring
D:4:      layout_loops_cross, minivault_11, minmay_gold_behind_fungi,
          chequers_serial_rivers_micro_b, grunt_ministairs_14
D:5:      layout_basic, zin_academy, serial_shops, kennysheep_mini,
          kennysheep_generic_room_6
D:6:      layout_loops_cross, lemuel_round_altar,
          minmay_temple_entry_proselytizer, uniq_prince_ribbit1, uniq_menkaure,
          uniq_eustachio
D:7:      layout_loops_ring, chequers_serial_rivers_micro_b,
          eino_small_chamber_without_monster
D:8:      layout_loops_corners, nicolae_overflow_hallway_of_the_gods
D:9:      minmay_the_grid_plus_closed [minmay_the_grid_broken_lines,
          minmay_the_grid_spikes, minmay_the_grid_zigzag_pyramid,
          minmay_the_grid_large_cup, minmay_the_grid_prize_four_corners],
          layout_loops_cross

Skill      XL: |  1  2  3  4  5  6  7  8  9 10 |
---------------+-------------------------------+-----
Armour         | 2 3 4 5 6 7 |  7.0
Dodging        | 2 3 4 5 6 7 |  7.0
Axes           | 3 4 5 6 7 |  7.3
Fighting       | 4 5 6 7 8 |  8.1
Shields        | 2 3 |  3.3

Action                   |  1- 3 |  4- 6 |  7- 9 | 10-12 || total
-------------------------+-------+-------+-------+-------++-------
Melee: Hand axe          |   115 |   116 |       |       ||   231
       Touch             |       |    31 |    13 |    14 ||    58
       Whip              |       |    45 |    27 |       ||    72
       War axe           |       |    10 |       |       ||    10
       Glaive            |       |       |   115 |       ||   115
       Broad axe         |       |       |    45 |    36 ||    81
Invok: Berserk           |     1 |     2 |     2 |     1 ||     6
       Trog's Hand       |       |       |       |     1 ||     1
  Use: Scroll            |       |       |     8 |     1 ||     9
       Potion            |       |       |     2 |     1 ||     3
Armor: Ring mail         |    42 |    13 |       |       ||    55
       Chain mail        |       |    63 |    65 |       ||   128
       Plate armour      |       |       |    47 |    19 ||    66
Dodge: Dodged            |    75 |    80 |    99 |    23 ||   277

Table legend: (Time is in decaauts)
 A = Elapsed time spent in this place.
 B = Non-inter-level travel time spent in this place.
 C = Inter-level travel time spent in this place.
 D = Time resting spent in this place.
 E = Time spent auto-exploring this place.
 F = Levels seen in this place.
 G = Mean time per level.
                   A        B        C        D        E       F      G
               +--------+--------+--------+--------+--------+-----+--------+
         Total |   7509 |   7079 |    430 |    292 |   5346 |   9 |  834.3 |
       Dungeon |   7509 |   7079 |    430 |    292 |   5346 |   9 |  834.3 |
               +--------+--------+--------+--------+--------+-----+--------+

Top non-repeatable levels by time:
     D:1: 1188 daAuts
     D:8: 1171 daAuts
     D:5: 1088 daAuts
     D:6: 969 daAuts
     D:7: 941 daAuts
     D:4: 719 daAuts
     D:3: 696 daAuts
     D:2: 533 daAuts
     D:9: 200 daAuts
